 Dungeon Crawl Stone Soup version 0.19-a0-1834-g6b7851e (webtiles) character file.

1908 jbasstz the Ruffian (level 8, -6/78 HPs)
             Began as a Troll Fighter on Oct 8, 2016.
             Was an Initiate of Trog.
             Mangled by eragonby's ghost (24 damage)
             ... on level 7 of the Dungeon.
             The game lasted 00:21:46 (5541 turns).

jbasstz the Ruffian (Troll Fighter)                 Turns: 5541, Time: 00:21:47

Health: -6/78      AC:  5    Str: 26    XL:     8   Next: 94%
Magic:  7/7        EV: 10    Int:  4    God:    Trog [......]
Gold:   376        SH: 10    Dex: 10    Spells: 0 memorised, 7 levels left

rFire  . . .     SeeInvis .       - Unarmed
rCold  . . .     Gourm    +     a - +0 robe
rNeg   . . .     Faith    .     b - +0 shield
rPois  .         Spirit   .     (helmet restricted)
rElec  .         Dismiss  .     (no cloak)
rCorr  .         Reflect  .     (gloves unavailable)
MR     .....     Harm     .     (boots unavailable)
Stlth  +.........               (no amulet)
                                (no ring)
                                (no ring)

@: no status effects
A: unfitting armour, claws 3, fast metabolism 3, gourmand, regeneration 1,
shaggy fur 1, tough skin 2
a: Burn Spellbooks, Renounce Religion


You were on level 7 of the Dungeon.
You worshipped Trog.
Trog was noncommittal.
You were very full.

You visited 1 branch of the dungeon, and saw 7 of its levels.
You also visited: Sewer.

You collected 376 gold pieces.

Inventory:

Armour
 a - a +0 robe (worn)
 b - a +0 shield (worn)
Jewellery
 n - an uncursed ring of fire
 C - an uncursed ring of ice {unknown}
 E - an uncursed ring of see invisible {unknown}
Wands
 z - a wand of heal wounds (5/9)
Scrolls
 f - 3 scrolls of magic mapping {unknown}
 g - 2 scrolls of teleportation {unknown}
 h - 5 scrolls of amnesia {unknown}
 j - 7 scrolls of identify
 m - a scroll of remove curse {unknown}
 q - a scroll of enchant armour {unknown}
 t - 3 scrolls of blinking {unknown}
 u - a scroll of recharging {unknown}
 v - 2 scrolls of immolation {unknown}
 y - 2 scrolls of noise {unknown}
 D - a scroll of enchant weapon {unknown}
 F - 2 scrolls of fog {unknown}
Potions
 c - a potion of might
 e - 3 potions of curing
 l - a potion of lignification {unknown}
 o - 2 potions of brilliance
 r - a potion of degeneration {unknown}
 s - 2 potions of resistance {unknown}
 w - a potion of ambrosia {unknown}
 x - a potion of berserk rage {unknown}
 A - a potion of magic {unknown}
 B - a potion of agility {unknown}
Comestibles
 d - 6 bread rations
 i - 4 beef jerkies
 k - 5 meat rations
 p - 3 fruits
 G - a chunk of flesh


   Skills:
 + Level 4.1 Fighting
 + Level 4.9 Dodging
 + Level 1.0 Stealth
 + Level 5.1 Shields
 + Level 7.8 Unarmed Combat


You had 7 spell levels left.
You didn't know any spells.

Dungeon Overview and Level Annotations

Branches:
Dungeon (7/15)             Temple (0/1) D:5

Altars:
Makhleb
Trog

Shops:
D:5 *

Annotations:
D:7 eragonby's ghost, novice HuGl


Innate Abilities, Weirdness & Mutations

You are too large for most types of armour.
You have claws for hands.
Your metabolism is lightning-fast.
You like to eat raw meat.
Your natural rate of healing is unusually fast.
You are covered in fur. (AC +1)
You have very tough skin. (AC +2)


Message History

You scratch eragonby's ghost.
Eragonby's ghost is severely damaged.
You block eragonby's ghost's attack.
You closely miss eragonby's ghost.
Eragonby's ghost is severely damaged.
You block the shadow imp's attack. Eragonby's ghost hits you.
You barely miss eragonby's ghost.
Eragonby's ghost is severely damaged.
The shadow imp hits you. Eragonby's ghost hits you!
* * * LOW HITPOINT WARNING * * *
You are too injured to fight recklessly!
You are too injured to fight recklessly!
You are too injured to fight recklessly!
You are too injured to fight recklessly!
You claw eragonby's ghost!
Eragonby's ghost is almost destroyed.
The shadow imp hits you.
* * * LOW HITPOINT WARNING * * *
Eragonby's ghost hits you!!
You die...

... #......#
...##......+
...........#
..........######
.........<.....
#............
#.W5.........
+.<@.........
#......#.....
######## ... #


You could see eragonby's ghost and a shadow imp.

Vanquished Creatures
  Eustachio (D:5)
  Purgy (Sewer)
  A sky beast (D:5)
  3 ogres
  Blork the orc (D:5)
  A bullfrog (D:6)
  6 scorpions
  3 howler monkeys
  2 jellies
  A quasit (D:6)
  A crimson imp (D:6)
  An orc priest (D:5)
  Crazy Yiuf (D:2)
  4 hounds
  Ijyb (D:2)
  5 worker ants
  3 orc wizards (D:4)
  A worker ant zombie (D:5)
  13 adders
  2 oozes
  An adder skeleton (D:6)
  An adder zombie (D:5)
  A worm (D:4)
  A dart slug (D:3)
  8 leopard geckos
  11 orcs
  8 giant cockroaches
  7 goblins
  9 hobgoblins
  7 jackals
  3 quokkas
  2 ball pythons (D:1)
  21 bats
  8 frilled lizards
  6 kobolds
  A leopard gecko skeleton (D:5)
  6 rats
  A fungus (D:6)
154 creatures vanquished.

Notes
Turn   | Place    | Note
-------+----------+-------------------------------------------
     0 | D:1      | jbasstz the Troll Fighter began the quest for the Orb.
     0 | D:1      | Reached XP level 1. HP: 22/22 MP: 0/0
    96 | D:1      | Reached XP level 2. HP: 29/29 MP: 1/1
   718 | D:2      | Reached XP level 3. HP: 36/36 MP: 2/2
  1102 | D:2      | Found a runed door.
  1186 | D:2      | Noticed Ijyb
  1203 | D:2      | Killed Ijyb
  1203 | D:2      | Reached XP level 4. HP: 44/44 MP: 3/3
  1571 | D:2      | Reached skill level 3 in Unarmed Combat
  1794 | D:2      | Noticed Crazy Yiuf
  1799 | D:2      | Killed Crazy Yiuf
  2077 | D:3      | Reached XP level 5. HP: 46/53 MP: 4/4
  2719 | D:4      | Found a glowing drain.
  2779 | Sewer    | Entered a sewer
  2808 | Sewer    | Noticed Purgy
  2824 | Sewer    | Killed Purgy
  2824 | Sewer    | Reached skill level 4 in Unarmed Combat
  2824 | Sewer    | Reached XP level 6. HP: 41/61 MP: 5/5
  3051 | D:4      | Reached skill level 5 in Unarmed Combat
  3051 | D:4      | Reached XP level 7. HP: 67/67 MP: 6/6
  3751 | D:5      | Entered Level 5 of the Dungeon
  3827 | D:5      | Reached skill level 1 in Stealth
  3827 | D:5      | Reached skill level 6 in Unarmed Combat
  3989 | D:5      | Found Guresk's Elemental Accessories.
  4029 | D:5      | Noticed Eustachio
  4050 | D:5      | Killed Eustachio
  4050 | D:5      | Reached XP level 8. HP: 46/78 MP: 7/7
  4140 | D:5      | Found a staircase to the Ecumenical Temple.
  4144 | D:5      | Noticed Blork the orc
  4154 | D:5      | Killed Blork the orc
  4810 | D:6      | Reached skill level 7 in Unarmed Combat
  5013 | D:6      | Reached skill level 5 in Shields
  5291 | D:6      | Found a burning altar of Makhleb.
  5314 | D:6      | Found a bloodstained altar of Trog.
  5318 | D:6      | Became a worshipper of Trog the Wrathful
  5526 | D:7      | Noticed eragonby's ghost (novice HuGl)
  5541 | D:7      | Mangled by eragonby's ghost

Vault maps used:
D:1:      co_arrival_two_rings
D:2:      uniq_crazy_yiuf_cottage, uniq_iyjb
D:4:      gup_sewer_entry_glass
D:5:      first_bread, nicolae_elemental_shop, uniq_blork_the_orc,
          uniq_eustachio
D:6:      old_forge, amethyst_overflow_temple_binary
D:7:      the_bakery, uniq_pikel
Sewer:    sewer_big_baddie

Skill      XL: |  1  2  3  4  5  6  7  8 |
---------------+-------------------------+-----
Unarmed Combat | 3 4 5 6 7 |  7.8
Shields        | 3 4 5 |  5.1
Fighting       | 3 4 |  4.1
Dodging        | 3 4 |  4.9
Stealth        | 1 |  1.0

Action                   |  1- 3 |  4- 6 |  7- 9 || total
-------------------------+-------+-------+-------++-------
Melee: Unarmed           |    94 |   170 |   291 ||   555
  Use: Scroll            |       |     3 |       ||     3
 Stab: Sleeping          |       |     2 |     1 ||     3
  Eat: Chunk             |    15 |    19 |    22 ||    56
Armor: Robe              |    40 |    62 |    63 ||   165
Dodge: Dodged            |    29 |    59 |   101 ||   189
Block: Shield            |    40 |    75 |   128 ||   243
